 Dungeon Crawl Stone Soup version 0.21.1-1-g345015f (webtiles) character file.

29 letownia2 the Digger (level 3, 0/24 HPs)
             Began as a Formicid Earth Elementalist on Feb 26, 2018.
             Slain by a goblin
             ... wielding a +0 club
              (5 damage)
             ... on level 2 of the Dungeon.
             The game lasted 00:03:05 (453 turns).

letownia2 the Digger (Formicid Earth Elementalist)   Turns: 453, Time: 00:03:05

Health: 0/24       AC:  3    Str: 12    XL:     3   Next: 32%
Magic:  1/6        EV: 11    Int: 15    God:
Gold:   46         SH:  0    Dex: 11    Spells: 2/6 levels left

rFire    . . .     SeeInvis +   i - +0 dagger
rCold    . . .     Gourm    .   (no shield)
rNeg     . . .     Faith    .   j - +0 leather armour
rPois    .         Spirit   .   (helmet unavailable)
rElec    .         Reflect  .   (no cloak)
rCorr    .         Harm     .   (no gloves)
MR       .....                  (no boots)
Stlth    ++........             (no amulet)
HPRegen  0.08/turn              (no ring)
MPRegen  0.10/turn              (no ring)

@: lethally poisoned (0 -> -7)
A: permanent stasis, dig shafts and tunnels, four strong arms, antennae 3
a: Dig, Shaft Self


You were on level 2 of the Dungeon.
You were not hungry.

You visited 1 branch of the dungeon, and saw 4 of its levels.

You collected 46 gold pieces.

Inventory:

Hand Weapons
 i - a +0 dagger (weapon)
Missiles
 b - 68 stones (quivered)
 g - 14 sling bullets
Armour
 c - a +0 robe
 j - a +0 leather armour (worn)
Scrolls
 a - a scroll of enchant armour {unknown}
Potions
 f - a potion of degeneration {unknown}
Books
 e - a book of Geomancy

   Spells                             Type                      Level
   a - Sandblast                      Earth                        1
   b - Passwall                       Transmutation/Earth          2
   c - Stone Arrow                    Conjuration/Earth            3
   d - Petrify                        Transmutation/Earth          4
   e - Lee's Rapid Deconstruction     Earth                        5
Comestibles
 d - 2 rations
 h - 2 chunks of flesh


   Skills:
 - Level 1.7 Dodging
 - Level 2.4 Stealth
 - Level 2.1 Spellcasting
 + Level 0.4 Conjurations
   Level 1.1 Transmutations
 + Level 5.0 Earth Magic


You had 2 spell levels left.
You knew the following spells:

 Your Spells              Type           Power        Failure   Level  Hunger
a - Sandblast             Erth           ###...       3%          1    #......
d - Stone Arrow           Conj/Erth      #.....       26%         3    ###....


Dungeon Overview and Level Annotations

Branches:
Dungeon (4/15)
 Temple: D:4-7

Altars:
Hepliaklqana
Qazlal

Annotations:
D:2 Robin
D:3 letownia2's ghost, weakling VSIE


Innate Abilities, Weirdness & Mutations

You cannot be hasted, slowed, berserked, paralysed or teleported.
You can dig through walls and to a lower floor.
Your four strong arms can wield two-handed weapons with a shield.
You have a pair of large antennae on your head. (SInv)


Message History

You feel sick.
You feel sick.
You feel sick.
You feel sick.
The goblin shouts!
You hear a shout! x2
You hear a shout!
A goblin comes into view.
You feel sick. The goblin hits you with a club.
* * * LOW HITPOINT WARNING * * *
The goblin moves out of view.
Robin roars a battlecry!
The goblin goes into a battle-frenzy!
You hear a shout!
Found a stone staircase leading up.
A goblin comes into view.
The goblin closely misses you.
Unknown command.
* * * LOW HITPOINT WARNING * * *
You feel sick. The goblin hits you with a club.
You die...

# ..# #. #.# .#
#.# .<#.#
g###.#.###########
......g){{{{.....#
######.#########.#
######g#########.#
#....@g.g........#
#......###########
#......# #......#
#......# ########


You could see Robin and 3 goblins.

Vanquished Creatures
  An adder (D:2)
  A worm (D:2)
  A leopard gecko (D:2)
  2 bats
  4 goblins
  A hobgoblin (D:2)
  2 frilled lizards
  3 kobolds
  A rat (D:1)
16 creatures vanquished.

Notes
Turn   | Place    | Note
-------+----------+-------------------------------------------
     0 | D:1      | letownia2 the Formicid Earth Elementalist began the quest for the Orb.
     0 | D:1      | Reached XP level 1. HP: 13/13 MP: 3/3
    54 | D:2      | Found a hazy altar of Hepliaklqana.
   105 | D:1      | Reached skill level 4 in Earth Magic
   110 | D:1      | Reached XP level 2. HP: 18/19 MP: 1/5
   258 | D:2      | Reached XP level 3. HP: 16/24 MP: 3/6
   297 | D:3      | Found a stormy altar of Qazlal.
   316 | D:3      | Learned a level 3 spell: Stone Arrow
   319 | D:3      | Noticed letownia2's ghost (weakling VSIE)
   409 | D:2      | Noticed Robin
   429 | D:2      | Reached skill level 5 in Earth Magic
   453 | D:2      | Slain by a goblin

Skill      XL: |  1  2  3 |
---------------+----------+-----
Earth Magic    | 4 5 |  5.0
Dodging        | |  1.7
Stealth        | |  2.4
Spellcasting   | |  2.1
Conjurations   | |  0.4
Transmutations | |  1.1

Action                   || total
-------------------------++-------
Melee: Unarmed           ||    12
       Dagger            ||    11
 Cast: Sandblast         ||    22
 Stab: Sleeping          ||     2
Armor: Robe              ||     6
       Leather armour    ||     4
Dodge: Dodged            ||    25
